 Dungeon Crawl Stone Soup version 0.26.0-16-gc1dbca0489 (webtiles) character file.

Game seed: 13497924228544183522

52 shakesphere1979 the Stinger (level 3, -1/20 HPs)
             Began as a Gargoyle Venom Mage on Jan 18, 2021.
             Slain by a gnoll
             ... wielding a +0 club
              (8 damage)
             ... on level 2 of the Dungeon.
             The game lasted 00:07:24 (1676 turns).

shakesphere1979 the Stinger (Gargoyle Venom Mage)   Turns: 1676, Time: 00:07:26

Health: -1/20      AC:  5    Str: 11    XL:     3   Next: 85%
Magic:  5/6        EV: 12    Int: 16    God:
Gold:   56         SH:  0    Dex: 10    Spells: 5/6 levels left

rFire    . . .     SeeInvis .   e - +0 hand axe
rCold    . . .     Faith    .   (no shield)
rNeg     + . .     Spirit   .   a - +0 robe
rPois    ∞         Reflect  .   (no helmet)
rElec    +         Harm     .   (no cloak)
rCorr    .         Rampage  .   (no gloves)
Will     .....                  (no boots)
Stlth    ++........             (no amulet)
HPRegen  0.06/turn              (no ring)
MPRegen  0.10/turn              (no ring)

@: no status effects
A: negative energy resistance 1, electricity resistance, unbreathing,
petrification resistance, miasma immunity, AC +3
a: no special abilities


You were on level 2 of the Dungeon.
You visited 1 branch of the dungeon, and saw 2 of its levels.

You collected 56 gold pieces.

Inventory:

Hand Weapons
 e - a +0 hand axe (weapon)
Missiles
 f - 42 stones
 g - 42 arrows
 h - 52 sling bullets
Armour
 a - a +0 robe (worn)
Jewellery
 d - an uncursed ring of positive energy {unknown}
Scrolls
 b - 2 scrolls of identify {unknown}
 c - a scroll of magic mapping {unknown}
 j - a scroll of teleportation {unknown}
Potions
 i - a potion of degeneration {unknown}
 k - a potion of curing {unknown}


   Skills:
 + Level 1.4 Fighting
 - Level 1.5 Dodging
 + Level 2.9 Stealth
 + Level 2.3 Spellcasting
 + Level 1.3 Transmutations
 + Level 3.3 Poison Magic


You had 5 spell levels left.
You knew the following spells:

 Your Spells              Type           Power        Failure   Level
a - Sting                 Tmut/Pois      36%          8%          1

Your spell library contained the following spells:

 Spells                   Type           Power        Failure   Level
 Poisonous Vapours        Pois/Air       14%          16%         2
 Ignite Poison            Fire/Tmut/Pois 6%           30%         3
 Mephitic Cloud           Conj/Pois/Air  5%           36%         3
 Olgreb's Toxic Radiance  Pois           12%          45%         4


Dungeon Overview and Level Annotations

Branches:
Dungeon (2/15)

Altars:


Innate Abilities, Weirdness & Mutations

You are resistant to torment.
Your stone body is resilient. (AC +3)
You are immune to poison.
You resist negative energy. (rN+)
You are resistant to electric shocks. (rElec)
You can survive without breathing.
You are immune to petrification.
You are immune to miasma.


Message History

The gnoll misses you. The gnoll closely misses you.
The gnoll barely misses you.
You hit the gnoll but do no damage. The gnoll closely misses you.
The gnoll completely misses you.
The gnoll hits you from afar with a +0 spear.
You hit the gnoll.
The gnoll is moderately wounded.
The gnoll closely misses you. The gnoll barely misses you.
The gnoll hits you from afar with a +0 spear!
Ouch! That really hurt!
Casting: Sting (safe; 8% risk of failure)
Confirm with . or Enter, or press ? or * to list all spells.
Aiming: Sting (safe; 8% risk of failure)
Press: ? - help, Shift-Dir - straight line, f - gnoll
Aim: a gnoll, wielding a +0 club (moderately wounded, 28% to evade)
The sting hits the gnoll but does no damage.
The gnoll is poisoned.
The gnoll is moderately wounded.
The gnoll hits you with a +0 club!
You die... ... ###.. ..# #... #.# ..#####.# ?.# ........# #.+ ........# ..# ........## ##.## ..####...## .#ggg

#....##...###.##g#
####..#.......##@# #
.###...####.###########
#...................#
#....##..####..........#
##..# ##.####..........#
##. #..^.#..........# #.
####.##..######## #
#.##..# # #.....#


You could see 4 gnolls.

Vanquished Creatures
  3 oozes (D:1)
  A worm (D:2)
  2 dart slugs (D:1)
  A leopard gecko (D:1)
  3 bats
  3 giant cockroaches (D:1)
  3 goblins (D:1)
  A hobgoblin (D:1)
  4 jackals (D:1)
  4 kobolds (D:1)
  6 rats (D:1)
31 creatures vanquished.

Notes
Turn   | Place    | Note
-------+----------+-------------------------------------------
     0 | D:1      | shakesphere1979 the Gargoyle Venom Mage began the quest for
                  | the Orb.
     0 | D:1      | Reached XP level 1. HP: 10/10 MP: 3/3
   325 | D:1      | Reached skill level 1 in Transmutations
   325 | D:1      | Reached XP level 2. HP: 15/16 MP: 0/5
   774 | D:1      | Reached skill level 1 in Fighting
   783 | D:1      | Reached XP level 3. HP: 17/20 MP: 6/6
  1676 | D:2      | Slain by a gnoll

Illustrated notes

Levels and vault maps discovered:
D:1:      dpeg_arrival_snail, layout_basic, serial_corexii_hall,
          chequers_hall_statues_corner_a, chequers_hall_statues_corner_a,
          chequers_hall_statues_corner_a, chequers_hall_statues_wall_a,
          corexii_hall_statues_x, chequers_hall_statues_corner_a
D:2:      layout_rooms, lemuel_coloured_pillars_altar, minivault_19,
          grunt_ministairs_8, minmay_misc_feat_doors

Skill      XL: |  1  2 |
---------------+-------+-----
Transmutations | 1 |  1.3
Fighting       | 1 |  1.4
Dodging        | |  1.5
Stealth        | |  2.9
Spellcasting   | |  2.3
Poison Magic   | |  3.3

Action                   || total
-------------------------++-------
Melee: Hand axe          ||    97
 Cast: Sting             ||    17
 Stab: Sleeping          ||     8
Armor: Robe              ||    39
Dodge: Dodged            ||    93
